 Dungeon Crawl Stone Soup version 0.30-a0-862-g1aabd4f9c5 (webtiles) character file.

Game seed: 6885719031552902042

8831 Pimp the Destroyer (level 11, -10/61 HPs)
             Began as a Demonspawn Conjurer on Mar 8, 2023.
             Was an Initiate of Gozag.
             Killed by the air
             ... invoked by Gastronok
              (30 damage)
             ... on level 10 of the Dungeon.
             The game lasted 01:04:20 (14372 turns).

Pimp the Destroyer (Demonspawn Conjurer)           Turns: 14372, Time: 01:04:21

Health: -10/61     AC: 16    Str:  5    XL:     11   Next: 15%
Magic:  14/22      EV: 10    Int: 28    God:    Gozag
Gold:   1289       SH: 10    Dex: 12    Spells: 11/25 levels left

rFire   . . .      SeeInvis .    c - +0 dagger (protect)
rCold   + . .      Faith    .    E - +0 kite shield
rNeg    . . .      Spirit   .    x - +0 scale mail
rPois   .          Reflect  .    (no helmet)
rElec   .          Rampage  .    A - scarf {repulsion}
rCorr   .                        (no gloves)
Will    .....                    z - +0 pair of boots
Stlth   ++                       i - amulet of regeneration
HPRegen 1.10/turn                j - +5 ring of evasion
MPRegen 0.18/turn                C - +6 ring of intelligence

@: repel missiles
A: icy blue scales 3, icemail 1, condensation shield, demonic touch 1, dopey 1,
frail 1, weak 1
a: Renounce Religion, Potion Petition, Call Merchant, Bribe Branch


You were on level 10 of the Dungeon.
You worshipped Gozag.
Gozag was most pleased with you.
You visited 2 branches of the dungeon, and saw 12 of its levels.

You collected 1872 gold pieces.
You spent 484 gold pieces at shops.
You paid 99 gold pieces to Gozag.

Inventory:

Hand Weapons
 c - a +0 dagger of protection (weapon)
Missiles
 l - a silver javelin
Armour
 a - a +0 robe
 p - a scarf of invisibility
 x - a +0 scale mail (worn)
 z - a +0 pair of boots (worn)
 A - a scarf of repulsion (worn)
 E - a +0 kite shield (worn)
Jewellery
 b - a ring of fire
 i - an amulet of regeneration (around neck)
 j - a +5 ring of evasion (left hand)
 k - an amulet of the acrobat
 m - a ring of resist corrosion
 q - a +6 ring of strength
 v - an amulet of guardian spirit
 y - a ring of positive energy
 C - a +6 ring of intelligence (right hand)
Wands
 e - a wand of polymorph (14)
 f - a wand of charming (14)
 o - a wand of flame (16) (quivered)
 s - a wand of roots (15)
 u - a wand of quicksilver (5)
Scrolls
 d - 2 scrolls of teleportation
 g - 2 scrolls of amnesia
 n - a scroll of immolation
 t - 5 scrolls of identify
 B - a scroll of enchant weapon
Potions
 h - 2 potions of might
 r - a potion of magic
 w - 2 potions of lignification
 D - a potion of flight


   Skills:
 + Level 4.6 Armour
 + Level 6.8 Dodging
 + Level 7.4 Stealth
 + Level 0.1 Shields
 * Level 7.9 Spellcasting
 + Level 8.3 Conjurations
 + Level 5.2 Hexes
 + Level 4.2 Evocations


You had 11 spell levels left.
You knew the following spells:

 Your Spells              Type           Power      Damage    Failure   Level
a - Magic Dart            Conj           100%       1d8       11%         1
b - Searing Ray           Conj           100%       2d8       16%         2
c - Dazzling Flash        Conj/Hex       98%        N/A       52%         3
d - Fulminant Prism       Conj/Hex       24%        3d12      89%         4
e - Olgreb's Toxic Radia  Pois           11%        N/A       100%        4

Your spell library contained the following spells:

 Spells                   Type           Power      Damage    Failure   Level
 Summon Small Mammal      Summ           44%        N/A       97%         1
 Summon Guardian Golem    Hex/Summ       25%        N/A       97%         3
 Iskenderun's Mystic Bla  Conj/Tloc      34%        2d8       99%         4
 Call Canine Familiar     Summ           11%        N/A       100%        3
 Manifold Assault         Tloc           11%        N/A       100%        4
 Dispersal                Tloc           5%         N/A       100%        6
 Ozocubu's Refrigeration  Ice            5%         4d8       100%        7
 Disjunction              Tloc           5%         N/A       100%        8
 Ignition                 Fire           5%         3d4       100%        8


Dungeon Overview and Level Annotations

Branches:
Dungeon (11/15)            Temple (1/1) D:4             Orc (0/2) D:9
   Lair: D:8-11

Altars:
Ashenzari
Gozag
Hepliaklqana
Kikubaaqudgha
Makhleb
Ru
Sif Muna
Uskayaw
Wu Jian
Xom

Shops:
D:1 (   D:4 (   D:8 :

Annotations:
D:5 3 runed translucent doors, Juicyj's ghost, novice DjCj
D:10 Gastronok


Innate Abilities, Weirdness & Mutations

You are completely covered in icy blue scales. (AC +4, rC+)
A meltable icy envelope protects you from harm. (AC +4)
A meltable shield of frost defends you. (SH +4)
Your touch may inflict minor irresistible damage on your foes.
You are dopey. (Int -2)
You are frail. (-10% HP)
You are weak. (Str -2)


Message History

Casting: Searing Ray (safe; 16% risk of failure)
Confirm with . or Enter, or press ? or * to list all spells.
Aiming: Searing Ray (safe; 16% risk of failure)
Press: ? - help, Shift-Dir - straight line, f/p - Gastronok
Aim: Gastronok, wearing a +0 hat (lightly wounded, 100% to hit)
The searing ray hits Gastronok.
Gastronok is moderately wounded. (Press . to maintain the ray.)
The searing ray hits Gastronok!
Gastronok is moderately wounded.
Gastronok waves his eye-stalks in wide circles.
The air twists around and strikes you!!!
Ouch! That really hurt!
The searing ray hits Gastronok.
Gastronok is moderately wounded.
There is a stone staircase leading up here.
You climb upwards.
There is a stone staircase leading down here.
Gastronok chants a spell, wobbling all the while.
Gastronok puts on a burst of speed!
Casting: Searing Ray (safe; 16% risk of failure)
Confirm with . or Enter, or press ? or * to list all spells.
Aiming: Searing Ray (safe; 16% risk of failure)
Press: ? - help, Shift-Dir - straight line, f - Gastronok
Aim: Gastronok, wearing a +0 hat (moderately wounded, covering ground quickly, 100% to hit)
The searing ray hits Gastronok.
Gastronok is moderately wounded. (Press . to maintain the ray.)
The searing ray hits Gastronok.
Gastronok is moderately wounded.
The searing ray hits Gastronok!
Gastronok is heavily wounded.
Gastronok waves his eye-stalks in wide circles.
The air twists around and strikes you!!
* * * LOW HITPOINT WARNING * * *
Gastronok wobbles crazily.
Gastronok waves his eye-stalks in wide circles.
The air twists around and strikes you!!
You die...
Your body crumbles into a pile of gold.

### ### ##.#####
#.################ #.[....####
##@................
..........#####..................
..##........(...#######..........
..............### #.......[..
.............## #..........
.............## ##........#
.....[........### ###......#...
.........w......## ##.......####.
.................###......### ##


You could see Gastronok (swift).

Vanquished Creatures
  A two-headed ogre (D:10)
  A boulder beetle (D:8)
  An ugly thing (D:9)
  A komodo dragon (D:10)
  A hornet (D:8)
  5 trolls
  A shadow (D:10)
  6 yaks (D:10)
  2 wyverns (D:9)
  2 steam dragons
  2 water moccasins
  2 ice beasts
  2 black bears
  3 orc warriors
  10 ogres
  3 centaurs
  2 phantoms
  2 kobold brigands
  A bullfrog (D:9)
  4 gnoll sergeants (D:9)
  5 scorpions
  3 wights
  10 killer bees
  2 hounds
  2 orc priests
  A jelly (D:6)
  3 iguanas
  3 sleepcaps
  Natasha (twice) (D:3)
  5 orc wizards
  9 gnolls
  6 adders
  4 river rats (D:3)
  A white imp (D:7)
  An ufetubus (D:7)
  4 worms
  2 dart slugs
  23 orcs
  5 endoplasms
  4 giant cockroaches
  6 goblins
  10 hobgoblins
  6 jackals
  10 kobolds
  2 quokkas
  7 ball pythons
  8 bats
  3 frilled lizards
  7 rats
206 creatures vanquished.

Vanquished Creatures (others)
  12 fungi (D:11)
  18 plants (D:11)
30 creatures vanquished.

Grand Total: 236 creatures vanquished

Notes
Turn   | Place    | Note
-------+----------+-------------------------------------------
     0 | D:1      | Pimp the Demonspawn Conjurer began the quest for the Orb.
     0 | D:1      | Reached XP level 1. HP: 13/13 MP: 3/3
   143 | D:1      | Gained mutation: Your touch may inflict minor irresistible
                  | damage on your foes. [demonic ancestry]
   143 | D:1      | Reached XP level 2. HP: 8/19 MP: 1/5
   191 | D:1      | Learned a level 2 spell: Searing Ray
   472 | D:1      | Found Ibbyjil's Antique Weapon Emporium.
  1221 | D:1      | Gained mutation: You are partially covered in icy blue
                  | scales. (AC +2) [demonic ancestry]
  1221 | D:1      | Reached XP level 3. HP: 24/24 MP: 4/6
  1268 | D:2      | Found a faded altar of an unknown god.
  2092 | D:2      | Learned a level 3 spell: Dazzling Flash
  2311 | D:3      | Gained mutation: You are mostly covered in icy blue scales.
                  | (AC +3) [demonic ancestry]
  2311 | D:3      | Reached XP level 4. HP: 27/30 MP: 3/7
  2516 | D:3      | Identified the +2 leather armour "Ybrota" {rC+}
  2962 | D:3      | Noticed Natasha
  2972 | D:3      | Killed Natasha
  3036 | D:3      | Gained mutation: A meltable shield of frost defends you.
                  | (SH +4) [demonic ancestry]
  3036 | D:3      | Reached XP level 5. HP: 35/35 MP: 4/9
  3326 | D:3      | Noticed Natasha
  3340 | D:3      | Killed Natasha
  3634 | D:4      | Reached skill level 5 in Conjurations
  3728 | D:4      | Gained mutation: A meltable icy envelope protects you from
                  | harm. (AC +4) [demonic ancestry]
  3728 | D:4      | Reached XP level 6. HP: 41/41 MP: 7/11
  3784 | D:4      | Found Oniclow's Firing Range.
  4073 | D:4      | Found a staircase to the Ecumenical Temple.
  4207 | Temple   | Entered the Ecumenical Temple
  4360 | Temple   | Became a worshipper of Gozag Ym Sagoz the Greedy
  4832 | D:5      | Entered Level 5 of the Dungeon
  4902 | D:4      | Learned a level 4 spell: Fulminant Prism
  5049 | D:5      | Reached XP level 7. HP: 46/46 MP: 4/12
  5504 | D:5      | Found a runed translucent gate.
  5505 | D:5      | Found a runed translucent gate.
  5506 | D:5      | Noticed Juicyj's ghost (novice DjCj)
  5648 | D:5      | Found a runed translucent gate.
  5896 | D:5      | Reached skill level 6 in Conjurations
  6278 | D:6      | Reached XP level 8. HP: 52/52 MP: 9/14
  6824 | D:6      | Reached skill level 5 in Stealth
  7381 | D:6      | Reached skill level 1 in Hexes
  7455 | D:6      | Reached skill level 1 in Armour
  7467 | D:6      | Reached skill level 5 in Spellcasting
  7579 | D:6      | Reached skill level 5 in Dodging
  8537 | D:6      | Reached XP level 9. HP: 57/57 MP: 9/17
  8908 | D:7      | Reached skill level 1 in Evocations
  8964 | D:7      | Noticed a troll
  8979 | D:7      | Killed a troll
  8980 | D:7      | Reached skill level 7 in Conjurations
  9423 | D:8      | Found Pekk's Book Emporium.
  9433 | D:8      | Bought the Unrestrained Analects for 484 gold pieces
  9447 | D:7      | Learned a level 4 spell: Olgreb's Toxic Radiance
  9455 | D:8      | Found a broken altar of Ashenzari.
  9681 | D:8      | Gained mutation: You are frail. (-10% HP) [potion of
                  | mutation]
  9681 | D:8      | Gained mutation: You are dopey. (Int -2) [potion of
                  | mutation]
  9681 | D:8      | Gained mutation: You are weak. (Str -2) [potion of
                  | mutation]
  9765 | D:8      | You fall into a shaft and drop 1 floor!
  9826 | D:9      | Noticed a troll
  9842 | D:9      | Killed a troll
 10129 | D:9      | Noticed a troll
 10136 | D:9      | Killed a troll
 10529 | D:9      | Noticed a brown ugly thing
 10552 | D:9      | Killed a brown ugly thing
 10553 | D:9      | Reached XP level 10. HP: 56/56 MP: 6/19
 10972 | D:9      | Found a staircase to the Orcish Mines.
 11182 | D:8      | Noticed a boulder beetle
 11221 | D:8      | Killed a boulder beetle
 12239 | D:10     | Entered Level 10 of the Dungeon
 12251 | D:10     | Reached skill level 8 in Conjurations
 12329 | D:10     | Noticed a two-headed ogre
 12353 | D:10     | Killed a two-headed ogre
 12601 | D:10     | Reached skill level 5 in Hexes
 12958 | D:10     | Gained mutation: You are completely covered in icy blue
                  | scales. (AC +4, rC+) [demonic ancestry]
 12958 | D:10     | Reached XP level 11. HP: 44/61 MP: 12/22
 14116 | D:11     | Noticed Gastronok
 14372 | D:10     | Killed from afar by Gastronok

Illustrated notes

Levels and vault maps discovered:
D:1:      zaba_arrival_water, layout_basic, serial_shops, shop
D:2:      layout_loops_cross, nicolae_ecumenical_pavilion
D:3:      layout_loops_ring, gup_sewer_entry_spiral, uniq_natasha
D:4:      layout_cave_pools, temple_fountains, nicolae_shop_firing_range
D:5:      layout_cave_pools, gammafunk_ghost_split, chequers_mini_garden
D:6:      layout_gridville, kennysheep_generic_room_10
D:7:      layout_cave_pools
D:8:      layout_rooms, ashenzari_altar_1, serial_shops, shop_statue
D:9:      layout_irregular_city, kennysheep_orc_monster_closet_entryway
D:10:     layout_cave_pods, kennysheep_generic_room_12
D:11:     layout_long_grid, grunt_lair_entry_orc_guard_hut,
          serial_co_window_serial, co_window_corner_a, co_window_paths_a,
          co_window_of_opportunity_a, co_window_of_opportunity_a,
          co_window_of_opportunity_a, co_window_broadway_b,
          co_window_unsneaky_path_a, co_window_broadway_c,
          co_window_of_opportunity_b, co_window_4corner_b, co_window_paths_e,
          glass_columns_b, glass_columns_a, glass_columns_b, glass_columns_b,
          jiyva_altar_1, uniq_gastronok
Temple:   mainiacjoe_temple_trianglar_array

Skill      XL: |  1  2  3  4  5  6  7  8  9 10 |
---------------+-------------------------------+-----
Dodging        | 2 3 4 5 6 |  6.8
Stealth        | 2 3 4 5 6 7 |  7.4
Spellcasting   | 3 4 5 6 7 |  7.9
Conjurations   | 5 6 7 8 |  8.3
Hexes          | 2 3 5 |  5.2
Armour         | 2 3 4 |  4.6
Evocations     | 2 4 |  4.2
Shields        | |  0.1

Action                     |  1- 3 |  4- 6 |  7- 9 | 10-12 || total
---------------------------+-------+-------+-------+-------++-------
  Melee: Dagger            |    34 |    56 |    55 |    74 ||   219
         Touch             |     4 |    10 |    15 |    11 ||    40
         Punch             |       |       |     1 |       ||     1
   Cast: Magic Dart        |    35 |    38 |    75 |    11 ||   159
         Searing Ray       |    12 |    17 |    64 |    57 ||   150
         Dazzling Flash    |       |     1 |     6 |    20 ||    27
  Evoke: Wand              |       |       |     1 |     2 ||     3
    Use: Potion            |     2 |       |     9 |     2 ||    13
         Scroll            |       |     9 |     2 |     4 ||    15
   Stab: Sleeping          |     6 |     4 |     2 |     1 ||    13
         Invisible         |       |       |       |    12 ||    12
 Armour: Robe              |     9 |    16 |    11 |       ||    36
         Skin              |       |       |    23 |       ||    23
         Scale mail        |       |       |    59 |   107 ||   166
  Dodge: Dodged            |    29 |    88 |   173 |   144 ||   434
         Repelled          |       |       |       |     1 ||     1
  Block: Other             |       |    15 |    33 |    21 ||    69
         Kite shield       |       |       |       |    99 ||    99

Table legend: (Time is in decaauts)
 A = Elapsed time spent in this place.
 B = Non-inter-level travel time spent in this place.
 C = Inter-level travel time spent in this place.
 D = Time resting spent in this place.
 E = Time spent auto-exploring this place.
 F = Levels seen in this place.
 G = Mean time per level.
                   A        B        C        D        E       F      G
               +--------+--------+--------+--------+--------+-----+--------+
         Total |  14454 |  13452 |   1002 |   5733 |   4252 |  12 | 1204.5 |
       Dungeon |  14285 |  13297 |    988 |   5733 |   4104 |  11 | 1298.6 |
        Temple |    168 |    154 |     14 |      0 |    148 |   1 |  168.0 |
               +--------+--------+--------+--------+--------+-----+--------+

Top non-repeatable levels by time:
     D:6: 2081 daAuts
    D:10: 1891 daAuts
     D:9: 1755 daAuts
     D:4: 1363 daAuts
     D:3: 1302 daAuts
     D:1: 1274 daAuts
     D:5: 1170 daAuts
     D:7: 1124 daAuts
     D:8: 1066 daAuts
     D:2: 1044 daAuts
    D:11: 212 daAuts
  Temple: 168 daAuts
